 Dungeon Crawl Stone Soup version 0.29.1 (webtiles) character file.

Game seed: 317603019243982003

33 Ordine the Sneak (level 3, 0/16 HPs)
             Began as a Spriggan Enchanter on Sept 14, 2022.
             Was an Initiate of Okawaru.
             Frozen to death by an endoplasm (5 damage)
             ... on level 2 of the Dungeon.
             The game lasted 00:03:07 (1047 turns).

Ordine the Sneak (Spriggan Enchanter)               Turns: 1047, Time: 00:03:08

Health: 0/16       AC:  2    Str:  4    XL:     3   Next: 12%
Magic:  6/8        EV: 17    Int: 18    God:    Okawaru [......]
Gold:   73         SH:  0    Dex: 15    Spells: 5/7 levels left

rFire   + . .      SeeInvis +   a - +1 dagger
rCold   . . .      Faith    .   (no shield)
rNeg    . . .      Spirit   .   b - +0 robe
rPois   .          Reflect  .   (helmet restricted)
rElec   .          Harm     .   (no cloak)
rCorr   .          Rampage  .   (gloves unavailable)
Will    .....                   (boots unavailable)
Stlth   +++.......              (no amulet)
HPRegen 0.05/turn               e - ring of protection from fire
MPRegen 0.11/turn               (no ring)

@: very quick
A: very small, no large weapons, unfitting armour, see invisible, speed 3
a: Renounce Religion


You were on level 2 of the Dungeon.
You worshipped Okawaru.
Okawaru was noncommittal.
You visited 1 branch of the dungeon, and saw 2 of its levels.

You collected 73 gold pieces.

Inventory:

Hand Weapons
 a - a +1 dagger (weapon)
Missiles
 f - 6 poisoned darts (quivered)
Armour
 b - a +0 robe (worn)
Jewellery
 e - a ring of protection from fire (left hand)
Scrolls
 d - 2 scrolls of noise {unknown}
 g - 3 scrolls of identify {unknown}
 i - a scroll of teleportation {unknown}
Potions
 c - 2 potions of invisibility
 h - a potion of heal wounds {unknown}


   Skills:
 + Level 2.5 Short Blades
 - Level 2.6 Dodging
 + Level 5.6 Stealth
 - Level 2.6 Spellcasting
 - Level 3.6 Hexes


You had 5 spell levels left.
You knew the following spells:

 Your Spells              Type           Power      Damage    Failure   Level
a - Ensorcelled Hibernat  Hex/Ice        16%        N/A       12%         2

Your spell library contained the following spells:

 Spells                   Type           Power      Damage    Failure   Level
 Confusing Touch          Hex            15%        N/A       12%         3
 Dazzling Flash           Conj/Hex       16%        N/A       24%         3
 Tukima's Dance           Hex            Unusable   N/A       N/A         3

Dungeon Overview and Level Annotations

Branches:
Dungeon (2/15)

Altars:
Okawaru

Shops:
D:2 *


Innate Abilities, Weirdness & Mutations

You are very small and have problems with some larger weapons.
You are too small for most types of armour.
You have supernaturally acute eyesight. (SInv)
You cover ground extremely quickly. (Speed+++)


Message History

You hit the goblin.
The goblin is moderately wounded.
The goblin completely misses you.
You hit the goblin.
You kill the goblin!
Okawaru accepts your kill. The goblin barely misses you.
You barely miss the goblin. The goblin misses you.
You miss the goblin. The goblin barely misses you. The endoplasm freezes you.
You are frozen.
You barely miss the goblin. The goblin hits you with a +0 dagger.
The endoplasm completely misses you.
You hit the goblin.
The goblin is severely wounded.
You hit the goblin but do no damage.
The goblin is severely wounded.
The goblin hits you with a +0 dagger. The endoplasm closely misses you.
You are too injured to fight recklessly!
You are too injured to fight recklessly!
You are too injured to fight recklessly!
You are too injured to fight recklessly!
You hit the goblin.
The goblin is almost dead.
The goblin misses you. The endoplasm barely misses you.
You hit the goblin.
You kill the goblin!
Okawaru accepts your kill. The endoplasm freezes you.
You are frozen.
* * * LOW HITPOINT WARNING * * *
Casting: Ensorcelled Hibernation (safe; 12% risk of failure)
Confirm with . or Enter, or press ? or * to list all spells.
Aiming: Ensorcelled Hibernation (safe; 12% risk of failure)
Press: ? - help, Shift-Dir - straight line, f - endoplasm
Aim: an endoplasm (chance to affect: 59%)
The endoplasm resists with significant effort.
The endoplasm freezes you.
You are frozen.
You die...

#...#8.8 #.........#
#....... .........
#....... ........
#....... ...... #.......
######.... #......>
......... ######.......
.......)# #............
......)@####............
......J)...........#####
...................#
........†._........#
..............######
..............#
..(......######
########.# #.#


You could see an endoplasm.

Vanquished Creatures
  2 dart slugs (D:1)
  2 bats (D:1)
  2 endoplasms
  3 giant cockroaches
  7 goblins
  A hobgoblin (D:1)
  4 kobolds
  2 ball pythons (D:1)
  2 frilled lizards
  A rat (D:1)
26 creatures vanquished.

Notes
Turn   | Place    | Note
-------+----------+-------------------------------------------
     0 | D:1      | Ordine the Spriggan Enchanter began the quest for the Orb.
     0 | D:1      | Reached XP level 1. HP: 9/9 MP: 5/5
   272 | D:1      | Reached XP level 2. HP: 13/13 MP: 6/6
   275 | D:1      | Learned a level 2 spell: Ensorcelled Hibernation
   284 | D:1      | Reached skill level 5 in Stealth
   759 | D:2      | Found Fanoklik's Assorted Antiques.
   933 | D:2      | Found a faded altar of an unknown god.
  1009 | D:2      | Found an iron altar of Okawaru.
  1028 | D:2      | Became a worshipper of Warmaster Okawaru
  1032 | D:2      | Reached XP level 3. HP: 16/16 MP: 8/8
  1047 | D:2      | Frozen to death by an endoplasm

Illustrated notes

Levels and vault maps discovered:
D:1:      tarquinn_simple_flora_water_d, layout_rooms
D:2:      layout_basic, shapermc_ecumenical_altar_pompeii, serial_shops, shop,
          basic_altar, uniq_jessica, uniq_natasha

Skill      XL: |  1  2 |
---------------+-------+-----
Stealth        | 5 |  5.6
Short Blades   | 2 |  2.5
Dodging        | |  2.6
Spellcasting   | |  2.6
Hexes          | |  3.6

Action                   || total
-------------------------++-------
Melee: Dagger            ||    71
 Cast: Ensorcelled Hiber ||     3
 Stab: Sleeping          ||     9
Armor: Robe              ||     7
Dodge: Dodged            ||    49
